 Dungeon Crawl Stone Soup version 0.18.1-50-g88ac8fd (console) character file.

3751 utis the Grappler (level 9, 88/88 HPs)
             Began as a Troll Warper on Sept 1, 2016.
             Was an Initiate of Okawaru.
             Quit the game on level 8 of the Dungeon on Sept 20, 2016.
             The game lasted 00:31:24 (10097 turns).

utis the Grappler (Troll Warper)                   Turns: 10097, Time: 00:31:24

Health: 88/88      AC:  6    Str: 21      XL:     9   Next: 93%
Magic:  12/12      EV: 10    Int:  9      God:    Okawaru [......]
Gold:   433        SH:  0    Dex: 11 (12) Spells: 5 memorised, 1 level left

rFire  . . .     SeeInvis .       - Unarmed
rCold  . . .     Gourm    +     a - +1 robe
rNeg   . . .     Faith    .     (no shield)
rPois  .         Spirit   .     (helmet restricted)
rElec  .         Dismiss  .     (no cloak)
rCorr  .         Reflect  .     (gloves unavailable)
SustAt .         Harm     .     (boots unavailable)
MR     .....                    (no amulet)
Stlth  +.........               (no ring)
                                (no ring)

@: not resistant to hostile enchantments, very unstealthy
A: unfitting armour, claws 3, fast metabolism 3, gourmand, regeneration 2,
shaggy fur 1, tough skin 2
a: Renounce Religion


You were on level 8 of the Dungeon.
You worshipped Okawaru.
Okawaru was noncommittal.
You were completely stuffed.

You visited 2 branches of the dungeon, and saw 9 of its levels.
You also visited: Ossuary.

You collected 433 gold pieces.

Inventory:

Hand Weapons
 I - a +0 blowgun {@w1}
 M - a +0 shortbow
Missiles
 d - 5 tomahawks of dispersal {=f}
 e - 98 stones (quivered)
 m - 29 bolts
 x - 159 arrows
 H - 10 poisoned needles
Armour
 a - a +1 robe (worn)
 B - the -2 cloak of Card Tricks {SInv Stlth+}
   (You found it on level 5 of the Dungeon)

   It lets you see invisible.
   It makes you more stealthy.
 P - a +2 helmet
 Q - a steam dragon hide
 R - a +0 robe of cold resistance
Jewellery
 l - an uncursed ring of poison resistance {unknown}
 t - a cursed ring of positive energy {unknown}
 z - an uncursed ring of flight {unknown}
 J - an uncursed ring of fire {unknown}
 K - an uncursed ring of poison resistance {unknown}
Wands
 N - a wand of disintegration (11/24)
 O - a wand of enslavement (7/24)
Scrolls
 c - 2 scrolls of blinking
 i - 3 scrolls of teleportation {@r4}
 j - 2 scrolls of enchant armour
 o - a scroll of amnesia
 s - 4 scrolls of remove curse {@r2}
 u - a scroll of noise {unknown}
 w - 2 scrolls of immolation {unknown}
 y - 2 scrolls of fear
 C - 5 scrolls of fog
 E - 2 scrolls of magic mapping
 S - a scroll of identify {@r1}
Potions
 k - 2 potions of curing {@q1}
 r - 3 potions of flight
 v - 4 potions of lignification
 A - 2 potions of ambrosia {unknown}
 D - a potion of brilliance {unknown}
 F - 2 potions of heal wounds {unknown}
 G - 6 potions of haste {@q3}
 L - a potion of berserk rage {unknown}
Books
 b - a book of Spatial Translocations

   Spells                             Type                      Level
   a - Apportation                    Translocation                1
   b - Blink                          Translocation                2
   c - Shroud of Golubria             Charms/Translocation         2
   d - Portal Projectile              Translocation                3
   e - Teleport Other                 Translocation                3
   f - Passage of Golubria            Translocation                4
 p - a book of Frost

   Spells                             Type                      Level
   a - Freeze                         Ice                          1
   b - Throw Frost                    Conjuration/Ice              2
   c - Ozocubu's Armour               Charms/Ice                   3
   d - Throw Icicle                   Conjuration/Ice              4
   e - Summon Ice Beast               Ice/Summoning                4
 q - a book of Cantrips

   Spells                             Type                      Level
   a - Corona                         Hexes                        1
   b - Animate Skeleton               Necromancy                   1
   c - Summon Small Mammal            Summoning                    1
   d - Apportation                    Translocation                1
Comestibles
 f - 8 bread rations {@e1}
 g - 11 fruits {@e2}
 h - a slice of pizza {@e2}
 n - 4 meat rations {@e1}
 T - 4 chunks of flesh


   Skills:
 - Level 5.2 Fighting
 - Level 0.8 Throwing
 - Level 1.9 Dodging
 - Level 10.1 Unarmed Combat
 + Level 2.9 Spellcasting
 - Level 2.2 Charms
 * Level 5.1 Translocations


You had one spell level left.
You knew the following spells:

 Your Spells              Type           Power        Failure   Level  Hunger
a - Apportation           Tloc           ##........   4%          1    ##.....
d - Passage of Golubria   Tloc           N/A          41%         4    #####..
g - Shroud of Golubria    Chrm/Tloc      #.........   12%         2    ###....
o - Teleport Other        Tloc           ##......     14%         3    ####...
v - Blink                 Tloc           N/A          8%          2    ###....


Dungeon Overview and Level Annotations

Branches:
Dungeon (8/15)             Temple (1/1) D:7
   Lair: D:8-11

Altars:
Ashenzari
Cheibriados
Dithmenos
Elyvilon
Fedhas
Gozag
Kikubaaqudgha
Makhleb
Nemelex Xobeh
Okawaru
Pakellas
Qazlal
Ru
Sif Muna
Trog
Vehumet
Xom
Yredelemnul
Zin
The Shining One


Innate Abilities, Weirdness & Mutations

You are too large for most types of armour.
You have claws for hands.
Your metabolism is lightning-fast.
You like to eat raw meat.
You heal very quickly.
You are covered in fur (AC +1).
You have very tough skin (AC +2).


Message History

The wyvern is almost dead.
The wyvern bites you. The wyvern bites you!
* * * LOW HITPOINT WARNING * * *
You barely miss the wyvern.
The wyvern is almost dead.
The wyvern bites you.
* * * LOW HITPOINT WARNING * * *
You mangle the wyvern!!
You kill the wyvern!
Okawaru accepts your kill.
You feel your dexterity returning.
You start resting.
Some of the chunks of flesh in your inventory have rotted away.
Eating one of 5 chunks of flesh.
This raw flesh tastes great.
You continue eating. x2
HP restored.
Unknown command.
Enter note: doh
Enter note: I wanted to play chei Are you sure you want to abandon this character and quit the game? (Confirm with "yes".)

░......░....░...░
░.░....░..░.░...░
░░░░░░░.░░░░.░..░.░..>░
░.).....░ .░.░..░<░.░
░)░░░░░░░.➘░.░......░
░.░ ░... ░.░.....░░
░.░?░░.░░░.░.░░░░░.░
░.░........░.......░
░.░░░░░T░░░░░░░░░░░░
░.......░ ░░░░░░░░░


There were no monsters in sight!

Vanquished Creatures
  A wraith (Ossuary)
  Sigmund (D:6)
  A spriggan (D:7)
  A wyvern (D:8)
  A steam dragon (D:7)
  3 ice beasts
  A black bear (D:6)
  2 ogres
  2 centaurs
  An elf zombie (Ossuary)
  A big kobold (D:5)
  2 giant frogs
  A gnoll sergeant (D:7)
  2 scorpions (D:6)
  2 jellies
  3 wights (D:7)
  2 howler monkeys
  2 crimson imps
  4 giant frog zombies
  2 wasp zombies (D:5)
  2 quasits
  6 hounds
  A gnoll shaman (D:4)
  3 orc priests
  A centaur skeleton (D:5)
  3 giant frog skeletons
  8 orc wizards
  3 iguanas
  4 worker ants
  A killer bee zombie (D:5)
  A big kobold zombie (Ossuary)
  2 hound zombies (D:5)
  3 mummies (Ossuary)
  A howler monkey zombie (D:5)
  4 worker ant zombies (D:5)
  8 gnolls
  8 adders
  An ooze (D:2)
  An adder zombie (D:5)
  2 adder skeletons
  2 worms (D:5)
  6 dart slugs
  6 giant geckos
  13 orcs
  3 ball pythons
  12 giant cockroaches
  5 goblins
  6 hobgoblins
  6 jackals
  26 kobolds
  4 quokkas
  10 bats
  2 giant gecko skeletons
  2 giant gecko zombies
  4 giant newts
  2 gnoll zombies (Ossuary)
  3 goblin zombies (Ossuary)
  2 hobgoblin zombies (Ossuary)
  3 kobold zombies (Ossuary)
  3 quokka zombies (D:5)
  8 rats
226 creatures vanquished.

Notes
Turn   | Place    | Note
--------------------------------------------------------------
     0 | D:1      | utis the Troll Warper began the quest for the Orb.
     0 | D:1      | Reached XP level 1. HP: 19/19 MP: 1/1
   395 | D:1      | Reached XP level 2. HP: 27/27 MP: 2/2
   438 | D:1      | Found a glowing golden altar of the Shining One.
   619 | D:1      | Reached skill level 3 in Unarmed Combat
   869 | D:2      | Learned a level 2 spell: Blink
  1134 | D:2      | Reached XP level 3. HP: 32/33 MP: 3/3
  1412 | D:2      | Reached skill level 4 in Unarmed Combat
  1485 | D:2      | Found a stormy altar of Qazlal.
  1667 | D:3      | Reached XP level 4. HP: 41/41 MP: 4/4
  1916 | D:3      | Reached skill level 5 in Unarmed Combat
  1935 | D:3      | Learned a level 2 spell: Shroud of Golubria
  2101 | D:3      | Reached XP level 5. HP: 48/48 MP: 4/6
  2933 | D:4      | Reached skill level 1 in Charms
  3322 | D:4      | Reached XP level 6. HP: 55/55 MP: 7/7
  3793 | D:4      | Learned a level 3 spell: Teleport Other
  4999 | D:5      | Entered Level 5 of the Dungeon
  5052 | D:5      | Reached XP level 7. HP: 62/62 MP: 4/9
  5313 | D:5      | Found a sand-covered staircase.
  5339 | Ossuary  | Entered an ossuary
  5339 | Ossuary  | Noticed a wraith
  5339 | Ossuary  | Noticed a wraith
  5339 | Ossuary  | Noticed a wraith
  6036 | Ossuary  | Noticed a wraith
  6042 | Ossuary  | Killed a wraith
  6042 | Ossuary  | Reached skill level 6 in Unarmed Combat
  6042 | Ossuary  | Reached XP level 8. HP: 70/74 MP: 7/10
  6116 | Ossuary  | Upgraded the game from 0.18.1-48-g4cf74bf to 0.18.1-50-g88ac8fd
  6259 | D:5      | Got an ancient cloak
  6265 | D:5      | Identified the cursed -2 cloak of Card Tricks {SInv Stlth+} (You found it on level 5 of the Dungeon)
  6763 | D:5      | Reached skill level 7 in Unarmed Combat
  7190 | D:5      | Found an ancient bone altar of Kikubaaqudgha.
  7190 | D:5      | Found a white marble altar of Elyvilon.
  7689 | D:6      | Reached skill level 8 in Unarmed Combat
  7862 | D:6      | Noticed Sigmund
  7877 | D:6      | Killed Sigmund
  7877 | D:6      | Reached XP level 9. HP: 76/84 MP: 9/11
  7964 | D:6      | Reached skill level 9 in Unarmed Combat
  8047 | D:6      | Found a sacrificial altar of Ru.
  8730 | D:7      | Reached skill level 5 in Fighting
  8942 | D:7      | Reached skill level 10 in Unarmed Combat
  8949 | D:7      | Learned a level 4 spell: Passage of Golubria
  9260 | D:7      | Found a staircase to the Ecumenical Temple.
  9315 | Temple   | Entered the Ecumenical Temple
  9581 | Temple   | Became a worshipper of Warmaster Okawaru
  9855 | D:7      | Found a glowing silver altar of Zin.
  9935 | D:8      | Reached skill level 5 in Translocations
 10097 | D:8      | doh
 10097 | D:8      | I wanted to play chei
 10097 | D:8      | Quit the game

Skill      XL: |  1  2  3  4  5  6  7  8  9 |
---------------+----------------------------+-----
Unarmed Combat | 3 4 5 6 8 10 | 10.1
Charms         | 1 2 |  2.2
Translocations | 3 4 5 |  5.1
Spellcasting   | 2 |  2.9
Fighting       | 2 4 5 |  5.2
Throwing       | |  0.8
Dodging        | |  1.9

Action                   |  1- 3 |  4- 6 |  7- 9 || total
-------------------------+-------+-------+-------++-------
Melee: Unarmed           |    93 |   157 |   468 ||   718
       Punch             |       |     5 |    18 ||    23
Throw: Stone             |    58 |    62 |    58 ||   178
 Cast: Shroud of Golubri |       |     6 |    28 ||    34
  Use: Scroll            |     6 |     3 |     5 ||    14
       Potion            |       |       |     1 ||     1
 Stab: Sleeping          |       |       |     1 ||     1
  Eat: Chunk             |    21 |    24 |    48 ||    93
       Bread ration      |       |       |     2 ||     2
Armor: Robe              |    34 |    51 |   107 ||   192
Dodge: Dodged            |    49 |    61 |   215 ||   325
